Map: [ESL] Hecate

Players

NoMercy

  • Race: Terran Terran
  • League: Grandmaster
  • Spawn Location: 1:00

Indy - Winner!

  • Race: Protoss Protoss
  • League: Master
  • Spawn Location: 7:00

VOD

Have the link to the VOD?

Description

Time

  • Played on: Dec. 18, 2023, 11:36 a.m.
  • Length: 9:42
Show
View Real Time Build Order
Export as new Build Order

NoMercy Terran 

Build Orders:  

Get SALT Encoding   

  12  0:00  SCV  
  13  0:12  SCV  
  14  0:17  Supply Depot  
  14  0:24  SCV  
  15  0:38  SCV  
  15  0:39  Barracks  
  16  0:44  Refinery  
  16  0:50  SCV  
  16  0:55  Supply Depot  
  17  1:03  SCV  
  18  1:15  SCV  
  19  1:26  Marine  
  19  1:27  Orbital Command  
  20  1:48  Command Center  
  20  1:49  Barracks Reactor  
  20  1:54  SCV  
  21  2:05  Factory  
  21  2:06  SCV  
  22  2:12  Refinery  
  22  2:18  SCV  
  23  2:25  Marine x2  
  25  2:30  SCV  
  26  2:42  Marine  
  26  2:43  Marine  
  28  2:46  SCV  
  28  2:50  Starport  
  29  2:53  Factory Tech Lab  
  29  2:58  SCV  
  30  3:00  Orbital Command  
  30  3:01  Marine  
  30  3:02  Marine  
  32  3:10  SCV  
  32  3:12  Siege Tank  
  36  3:15  Orbital Command  
  36  3:19  Marine x2  
  37  3:24  SCV  
  39  3:29  Supply Depot, Medivac  
  41  3:38  Supply Depot  
  41  3:40  Marine x2  
  43  3:48  Cyclone  
  43  3:51  SCV  
  43  3:53  SCV  
  47  3:58  Marine x2  
  47  3:59  Viking  
  51  4:03  SCV  
  51  4:05  SCV  
  53  4:15  SCV  
  53  4:16  Marine  
  55  4:18  SCV  
  55  4:19  Barracks  
  55  4:20  Marine  
  57  4:25  Cyclone  
  57  4:29  Supply Depot  
  61  4:35  Viking  
  61  4:36  SCV x2  
  62  4:41  Barracks  
  62  4:51  Marine x2  
  64  4:58  SCV  
  64  4:59  Siege Tank  
  68  5:05  Viking  
  70  5:12  Barracks Tech Lab  
  70  5:14  Engineering Bay  
  70  5:15  Supply Depot  
  70  5:16  SCV x2  
  70  5:28  SCV x2  
  70  5:31  Stimpack  
  70  5:32  Barracks Tech Lab  
  70  5:36  Supply Depot, Refinery  
  70  5:40  SCV, Marauder  
  70  5:41  SCV  
  70  5:42  Starport Reactor  
  72  5:53  SCV x2  
  69  5:57  Marine  
  69  6:00  Marine x2  
  69  6:04  Marine  
  72  6:05  Siege Tank, SCV  
  72  6:10  SCV  
  78  6:11  Missile Turret  
  78  6:15  Combat Shield, Marine  
  78  6:18  SCV  
  80  6:21  Marine, Marauder  
  80  6:23  SCV  
  80  6:25  Marine, Missile Turret  
  84  6:30  Refinery  
  84  6:31  Viking  
  87  6:35  SCV, Marine  
  87  6:37  SCV  
  87  6:39  Marine  
  91  6:41  Supply Depot  
  91  6:42  Marauder  
  93  6:47  SCV  
  93  6:51  Terran Infantry Weapons Level 1  
  94  6:54  Supply Depot  
  94  6:57  Supply Depot  
  94  6:58  Supply Depot  
  94  7:02  Siege Tank, SCV  
  94  7:07  Supply Depot, Marine x2  
  100  7:09  SCV  
  100  7:13  Concussive Shells  
  101  7:16  Marauder, Medivac  
  101  7:19  Marine  
  107  7:25  Marine  
  107  7:27  Marine  
  108  7:34  Siege Tank  
  111  7:38  Marauder  
  111  7:41  Marine  
  114  7:44  Medivac  
  116  7:53  Command Center  
  116  7:59  Engineering Bay, Barracks  
  116  8:01  Barracks  
  116  8:02  Marine, Armory  
  116  8:04  Marine  
  118  8:12  Marine, Marauder  
  121  8:19  Marine, Viking  
  123  8:21  Siege Tank  
  127  8:31  Marine, Marauder  
  127  8:32  Medivac  
  127  8:33  SCV, Marine  
  134  8:39  Supply Depot  
  134  8:40  SCV  
  133  8:45  Supply Depot  
  133  8:46  Barracks Reactor  
  133  8:48  Supply Depot  
  133  8:50  SCV  
Show
View Real Time Build Order
Export as new Build Order

Indy Protoss - Winner!

Build Orders: 1 Gate Expand, Phoenix Opening 

Get SALT Encoding   

  12  0:00  Probe  
  13  0:12  Probe  
  14  0:18  Pylon  
  14  0:24  Probe  
  15  0:36  Probe (Chrono Boost)  
  15  0:38  Gateway  
  16  0:46  Assimilator, Probe (Chrono Boost)  
  17  0:51  Probe (Chrono Boost)  
  18  1:03  Probe  
  19  1:15  Probe  
  20  1:25  Cybernetics Core  
  20  1:32  Nexus  
  20  1:36  Probe  
  21  1:42  Pylon  
  21  1:48  Probe  
  21  1:51  Assimilator  
  22  1:58  Adept (Chrono Boost)  
  22  2:00  Probe  
  25  2:12  Probe  
  26  2:20  Stargate  
  26  2:21  Adept  
  28  2:24  Probe  
  29  2:32  Shield Battery  
  30  2:38  Warp Gate, Probe (Chrono Boost)  
  30  2:45  Probe (Chrono Boost)  
  32  2:54  Probe (Chrono Boost)  
  32  2:55  Stalker, Probe (Chrono Boost)  
  35  3:00  Probe (Chrono Boost)  
  35  3:01  Probe  
  35  3:02  Phoenix (Chrono Boost)  
  39  3:11  Probe  
  40  3:13  Probe  
  40  3:18  Pylon, Phoenix (Chrono Boost)  
  43  3:32  Gateway  
  43  3:34  Gateway  
  43  3:38  Probe x2  
  47  3:52  Pylon  
  49  3:57  Stalker  
  49  3:58  Shield Battery  
  51  4:05  Probe x2  
  51  4:07  Pylon  
  53  4:17  Robotics Facility  
  53  4:18  Phoenix (Chrono Boost), Probe (Chrono Boost)  
  53  4:19  Assimilator  
  53  4:21  Probe (Chrono Boost)  
  53  4:27  Sentry  
  53  4:29  Probe (Chrono Boost)  
  53  4:30  Pylon  
  57  4:33  Probe (Chrono Boost)  
  57  4:34  Probe (Chrono Boost)  
  58  4:39  Zealot x2  
  58  4:42  Probe  
  58  4:43  Assimilator  
  63  4:51  Shield Battery  
  63  4:53  Phoenix  
  63  4:57  Sentry  
  67  5:07  Immortal (Chrono Boost)  
  67  5:08  Zealot x2  
  75  5:29  Adept  
  75  5:32  Pylon  
  75  5:34  Probe, Robotics Bay, Pylon  
  78  5:47  Pylon  
  78  5:49  Probe  
  77  5:52  Probe  
  74  6:02  Probe (Chrono Boost)  
  74  6:03  Nexus  
  75  6:04  Probe (Chrono Boost)  
  75  6:05  Pylon  
  75  6:09  Observer (Chrono Boost)  
  77  6:12  Phoenix  
  77  6:14  Probe (Chrono Boost)  
  77  6:16  Probe (Chrono Boost)  
  77  6:17  Pylon  
  81  6:19  Probe (Chrono Boost)  
  81  6:20  Twilight Council  
  81  6:23  Forge, Colossus (Chrono Boost)  
  81  6:25  Pylon  
  82  6:31  Extended Thermal Lance, Probe x2  
  90  6:36  Pylon  
  90  6:43  Probe x2  
  92  6:53  Gateway x2  
  92  6:54  Charge (Chrono Boost)  
  92  6:57  Gateway  
  92  7:00  Gateway  
  92  7:01  Gateway  
  92  7:02  Protoss Ground Armor Level 1  
  92  7:08  Probe x2  
  94  7:12  Colossus (Chrono Boost)  
  94  7:17  Probe  
  94  7:20  Probe x2  
  103  7:24  Observer  
  103  7:29  Templar Archives  
  103  7:35  Zealot x3  
  109  7:44  Pylon  
  109  7:50  Pylon  
  109  7:51  Zealot x2  
  109  7:56  Zealot x6  
  125  8:12  Zealot x2  
  129  8:14  Pylon  
  128  8:21  Zealot  
  128  8:22  Zealot x5  
  140  8:32  Shield Battery  
  140  8:33  Zealot x2, Immortal (Chrono Boost)  
  146  8:45  Zealot x6  
  158  8:55  Pylon  
  140  9:07  Phoenix  
  128  9:13  Zealot x3, Stalker  
  128  9:14  Stalker x2, Zealot x2  
Tags
 
Add a new tag
Caveats
  • Supply blocks, unpowered buildings, or Contaminate may cause inaccurate times.
  • Supply counts are checked every 10 seconds.